 Dungeon Crawl Stone Soup version 0.28-a0-932-g843f935a50 (webtiles) character file.

Game seed: 13022840172592339892

57 ytrimaz the Skirmisher (level 3, 25/29 HPs)
             Began as a Demonspawn Fighter on Nov 28, 2021.
             Quit the game on level 3 of the Dungeon.
             The game lasted 00:01:44 (1201 turns).

ytrimaz the Skirmisher (Demonspawn Fighter)         Turns: 1201, Time: 00:01:44

Health: 25/29      AC:  8    Str: 17    XL:     3   Next: 73%
Magic:  3/3        EV:  9    Int:  9    God:
Gold:   110        SH:  4    Dex: 12    Spells: 2/2 levels left

rFire   . . .      SeeInvis .   a - +0 war axe
rCold   . . .      Faith    .   c - +0 buckler
rNeg    . . .      Spirit   .   b - +0 scale mail
rPois   .          Reflect  .   (helmet restricted)
rElec   .          Harm     .   (no cloak)
rCorr   .          Rampage  .   (no gloves)
Will    .....                   (no boots)
Stlth   ..........              (no amulet)
HPRegen 0.09/turn               (no ring)
MPRegen 0.08/turn               (no ring)

@: no status effects
A: horns 1, molten scales 1
a: no special abilities


You were on level 3 of the Dungeon.
You visited 1 branch of the dungeon, and saw 4 of its levels.

You collected 110 gold pieces.

Inventory:

Hand Weapons
 a - a +0 war axe (weapon)
Armour
 b - a +0 scale mail (worn)
 c - a +0 buckler (worn)
Scrolls
 i - a scroll of torment
Potions
 d - a potion of might
 e - a potion of attraction {unknown}
 f - 3 potions of degeneration {unknown}
 g - a potion of flight {unknown}
 h - a potion of heal wounds {unknown}


   Skills:
 + Level 3.6 Fighting
 + Level 2.5 Axes
 + Level 3.1 Armour
 + Level 0.3 Dodging
 + Level 2.8 Shields


You had 2 spell levels left.
You didn't know any spells.
Your spell library was empty.

Dungeon Overview and Level Annotations

Branches:
Dungeon (4/15)
 Temple: D:4-7

Altars:
Okawaru


Innate Abilities, Weirdness & Mutations

You have a pair of small horns on your head.
You are partially covered in molten scales. (AC +2)


Message History

A dart slug is nearby!
A dart slug is nearby!
A dart slug is nearby!
A ball python comes into view.
The ball python hisses angrily.
Your library has no spells.
Unknown command.
Unknown command.
You barely miss the ball python.
The ball python bites you but does no damage.
The ball python barely misses you. The ball python closely misses you.
The ball python completely misses you.
You barely miss the ball python.
The ball python bites you but does no damage.
The ball python barely misses you.
A kobold comes into view. It is wielding a +0 short sword.
You closely miss the ball python. Your headbutt misses the ball python.
The ball python closely misses you. The ball python grabs you.
The ball python constricts you. The ball python bites you.
The ball python constricts you.
You hit the ball python.
You kill the ball python!
The dart slug launches a dart at you. The slug dart misses you.
You block the dart slug's attack.
You see here a ball python corpse.
You hit the dart slug.
The dart slug is moderately wounded.
You slash the dart slug!
You kill the dart slug!
You closely miss the kobold. The kobold misses you.
You barely miss the kobold. The kobold hits you but does no damage.
The kobold barely misses you.
You closely miss the kobold. The kobold hits you but does no damage.
You closely miss the kobold. You headbutt the kobold.
You kill the kobold!
Found 5 gold pieces.
Things that are here:
a +0 short sword; 5 stones; a kobold corpse Are you sure you want to abandon this character and quit the game? (Confirm with "yes".)

#.# # #.# . #.# .##.# .
..#.# ... ..#.#
#########.....
....#######...†)@.≈≈≈...
........)...#####≈≈≈≈≈..
..>)######### ≈≈.≈≈..
..### ≈≈≈≈≈.# .. #≈≈≈..#
.. ###... .. .$# #. .#
#.


There were no monsters in sight!

Vanquished Creatures
  A worm (D:2)
  A dart slug (D:3)
  4 ball pythons
  2 endoplasms
  5 goblins
  11 hobgoblins
  4 jackals (D:1)
  7 kobolds
  3 bats (D:1)
  A frilled lizard (D:2)
  5 rats (D:1)
44 creatures vanquished.

Notes
Turn   | Place    | Note
-------+----------+-------------------------------------------
     0 | D:1      | ytrimaz the Demonspawn Fighter began the quest for the Orb.
     0 | D:1      | Reached XP level 1. HP: 18/18 MP: 1/1
   210 | D:1      | Gained mutation: You have a pair of small horns on your
                  | head. [demonic ancestry]
   210 | D:1      | Reached XP level 2. HP: 24/24 MP: 2/2
   470 | D:1      | Gained mutation: You are partially covered in molten
                  | scales. (AC +2) [demonic ancestry]
   470 | D:1      | Reached XP level 3. HP: 29/29 MP: 3/3
  1045 | D:2      | Found an iron altar of Okawaru.
  1056 | D:4      | Noticed a scorpion
  1201 | D:3      | Quit the game

Illustrated notes

Levels and vault maps discovered:
D:1:      minmay_arrival_four_loops, layout_loops_ring, solitary_fountain
D:2:      layout_rooms, basic_altar
D:3:      layout_loops_ring, kennysheep_slug_shrine, uniq_robin, uniq_ijyb,
          uniq_crazy_yiuf_cottage
D:4:      layout_basic, kennysheep_generic_room_14

Skill      XL: |  1  2 |
---------------+-------+-----
Armour         | 3 |  3.1
Axes           | 2 |  2.5
Fighting       | |  3.6
Dodging        | |  0.3
Shields        | |  2.8

Action                   || total
-------------------------++-------
Melee: War axe           ||    96
       Headbutt          ||    19
  Use: Scroll            ||     2
Armor: Scale mail        ||    63
Dodge: Dodged            ||    53
Block: Buckler           ||    22

Table legend: (Time is in decaauts)
 A = Elapsed time spent in this place.
 B = Non-inter-level travel time spent in this place.
 C = Inter-level travel time spent in this place.
 D = Time resting spent in this place.
 E = Time spent auto-exploring this place.
 F = Levels seen in this place.
 G = Mean time per level.
                   A        B        C        D        E       F      G
               +--------+--------+--------+--------+--------+-----+--------+
         Total |   1240 |   1222 |     18 |      0 |    914 |   4 |  310.0 |
       Dungeon |   1240 |   1222 |     18 |      0 |    914 |   4 |  310.0 |
               +--------+--------+--------+--------+--------+-----+--------+

Top non-repeatable levels by time:
     D:1: 856 daAuts
     D:2: 230 daAuts
     D:3: 142 daAuts
     D:4: 10 daAuts
